 Dungeon Crawl Stone Soup version 0.26-a0-639-g72c4674329 (webtiles) character file.

Game seed: 13040477875310590021

78 Colgate the Gusty (level 4, 23/33 HPs)
             Began as a Draconian Air Elementalist on Sept 20, 2020.
             Quit the game on level 2 of the Dungeon.
             The game lasted 00:13:50 (1563 turns).

Colgate the Gusty (Draconian Air Elementalist)      Turns: 1563, Time: 00:13:50

Health: 23/33      AC:  5    Str: 10    XL:     4   Next: 15%
Magic:  1/7        EV: 12    Int: 17    God:
Gold:   25         SH:  0    Dex: 11    Spells: 6/7 levels left

rFire    . . .     SeeInvis .   e - +0 mace
rCold    . . .     Faith    .   (no shield)
rNeg     . . .     Spirit   .   (armour unavailable)
rPois    .         Reflect  .   (helmet restricted)
rElec    .         Harm     .   (no cloak)
rCorr    .         Rampage  .   (no gloves)
MR       .....                  (no boots)
Stlth    ++........             (no amulet)
HPRegen  0.11/turn              (no ring)
MPRegen  0.10/turn              (no ring)

@: no status effects
A: unfitting armour, cold-blooded, AC +5
a: no special abilities


You were on level 2 of the Dungeon.
You visited 1 branch of the dungeon, and saw 2 of its levels.

You collected 25 gold pieces.

Inventory:

Hand Weapons
 c - a +0 short sword
 e - a +0 mace (weapon)
Missiles
 a - 16 sling bullets
 d - 50 stones (quivered)
 g - 23 arrows
Scrolls
 h - a scroll of fear {unknown}
 i - a scroll of identify {unknown}
Potions
 b - 2 potions of resistance {unknown}
 f - 2 potions of curing {unknown}


   Skills:
 + Level 1.7 Dodging
 + Level 1.7 Stealth
 + Level 2.0 Spellcasting
 + Level 1.0 Conjurations
 + Level 5.0 Air Magic


You had 6 spell levels left.
You knew the following spells:

 Your Spells              Type           Power        Failure   Level
a - Shock                 Conj/Air       ##..         5%          1

Your spell library contained the following spells:

 Spells                   Type           Power        Failure   Level
 Swiftness                Air            ###.....     3%          2
 Static Discharge         Conj/Air       ##......     17%         3
 Airstrike                Air            ###.......   24%         4
 Lightning Bolt           Conj/Air       ##........   83%         5


Dungeon Overview and Level Annotations

Branches:
Dungeon (2/15)

Altars:
Ru


Innate Abilities, Weirdness & Mutations

Your plain brown scales are hard. (AC +5)
You cannot fit into any form of body armour.
You are cold-blooded and may be slowed by cold attacks.


Message History

You closely miss the orc wizard.
The orc wizard is severely wounded.
The orc wizard barely misses you.
Casting: Shock (safe; 7% risk of failure)
Confirm with . or Enter, or press ? or * to list all spells.
Press: ? - help, Shift-Dir - straight line
Okay, then.
You closely miss the orc wizard.
Your tail-slap misses the orc wizard.
The orc wizard is severely wounded.
The orc wizard hits you with a +0 dagger.
The orc wizard closely misses you.
The ball python hisses angrily.
You sock the orc wizard!
You kill the orc wizard!
Your Air Magic skill increases to level 5!
You have reached level 4!
You feel clever.
Okay, then.
Unknown command.
Are you sure you want to abandon this character and quit the game? (Confirm with "yes".)

#..##.....#
....†.###.# #).####
#.#
#..######.########
#................#
.....###########.##
#.## #..# #. ####.#
.. #..@.# ###).#
.#.# ..#.# ...###
_.## .(. ).#


There were no monsters in sight!

Vanquished Creatures
  An orc wizard (D:2)
  An adder (D:2)
  A worm (D:2)
  A leopard gecko (D:1)
  A ball python (D:1)
  A giant cockroach (D:1)
  8 goblins
  2 hobgoblins (D:2)
  3 jackals (D:1)
  4 bats (D:1)
  4 frilled lizards (D:1)
  5 kobolds (D:1)
  4 rats (D:1)
36 creatures vanquished.

Notes
Turn   | Place    | Note
-------+----------+-------------------------------------------
     0 | D:1      | Colgate the Draconian Air Elementalist began the quest for
                  | the Orb.
     0 | D:1      | Reached XP level 1. HP: 14/14 MP: 3/3
   259 | D:1      | Reached XP level 2. HP: 20/20 MP: 3/5
   588 | D:1      | Reached skill level 4 in Air Magic
  1022 | D:1      | Reached XP level 3. HP: 23/26 MP: 0/6
  1550 | D:2      | Found a sacrificial altar of Ru.
  1562 | D:2      | Reached skill level 5 in Air Magic
  1562 | D:2      | Reached XP level 4. HP: 23/33 MP: 1/7
  1563 | D:2      | Quit the game

Illustrated notes

Levels and vault maps discovered:
D:1:      eino_arrival_tree_alley, layout_loops_ring
D:2:      minmay_general_purpose_star, layout_loops_corners,
          overflow_temple_1_default, nicolae_ru_great_annihilating_truth,
          uniq_sigmund, uniq_natasha

Skill      XL: |  1  2  3 |
---------------+----------+-----
Air Magic      | 4 5 |  5.0
Dodging        | |  1.7
Stealth        | |  1.7
Spellcasting   | |  2.0
Conjurations   | |  1.0

Action                   |  1- 3 |  4- 6 || total
-------------------------+-------+-------++-------
Melee: Mace              |    21 |       ||    21
Throw: Stone             |     1 |       ||     1
 Cast: Shock             |    62 |       ||    62
Armor: Skin              |     4 |       ||     4
Dodge: Dodged            |    13 |       ||    13

Table legend: (Time is in decaauts)
 A = Elapsed time spent in this place.
 B = Non-inter-level travel time spent in this place.
 C = Inter-level travel time spent in this place.
 D = Time resting spent in this place.
 E = Time spent auto-exploring this place.
 F = Levels seen in this place.
 G = Mean time per level.
                   A        B        C        D        E       F      G
               +--------+--------+--------+--------+--------+-----+--------+
         Total |   1570 |   1541 |     29 |      0 |   1377 |   2 |  785.0 |
       Dungeon |   1570 |   1541 |     29 |      0 |   1377 |   2 |  785.0 |
               +--------+--------+--------+--------+--------+-----+--------+

Top non-repeatable levels by time:
     D:1: 1257 daAuts
     D:2: 312 daAuts
